 Dungeon Crawl Stone Soup version 0.31-a0-662-g684573625c (webtiles) character file.

Game seed: 16732412966740095810

94 arthad the Shield-Bearer (level 4, -5/37 HPs)
             Began as a Formicid Fighter on Sept 1, 2023.
             Slain by an orc warrior
             ... wielding a +0 halberd
              (14 damage)
             ... on level 3 of the Dungeon.
             The game lasted 00:02:35 (1885 turns).

arthad the Shield-Bearer (Formicid Fighter)         Turns: 1885, Time: 00:02:36

Health: -5/37      AC:  9    Str: 23    XL:     4   Next: 94%
Magic:  4/4        EV:  9    Int:  7    God:
Gold:   146        SH:  5    Dex: 13    Spells: 3/3 levels left

rFire   + . .        a - +0 war axe
rCold   + . .        c - +0 buckler
rNeg    . . .        b - +0 scale mail
rPois   +            (helmet unavailable)
rElec   +            r - +0 cloak
rCorr   +            s - +0 pair of gloves
SInv    +            (no boots)
Will    ++...        l - amulet "Tilej" {RegenMP Will+} Stlth
                     g - ring of willpower
HPRegen 0.26/turn    (no ring)
MPRegen 0.49/turn

%: no passive effects
@: resistant
A: permanent stasis, dig shafts and tunnels, antennae 3, four strong arms
a: Dig, Shaft Self


You were on level 3 of the Dungeon.
You visited 1 branch of the dungeon, and saw 3 of its levels.

You collected 146 gold pieces.

Inventory:

Hand Weapons
 a - a +0 war axe (weapon)
Armour
 b - a +0 scale mail (worn)
 c - a +0 buckler (worn)
 r - a +0 cloak (worn)
 s - a +0 pair of gloves (worn)
Jewellery
 g - a ring of willpower (left hand)
 l - the amulet "Tilej" (around neck) {RegenMP Will+}
   (You found it on level 2 of the Dungeon)

   [amulet of magic regeneration]

   RegenMP:   It increases your rate of magic regeneration.
   Will+:     It increases your willpower.
 q - a ring of fire
Scrolls
 e - 4 scrolls of identify {unknown}
 f - a scroll of fear {unknown}
 h - a scroll of enchant weapon {unknown}
 i - a scroll of noise {unknown}
 m - 2 scrolls of fog {unknown}
 n - a scroll of teleportation {unknown}
Potions
 d - a potion of might
 j - a potion of lignification {unknown}
 k - a potion of enlightenment {unknown}
 o - a potion of resistance
 p - a potion of haste {unknown}
 t - a potion of berserk rage {unknown}


   Skills:
 * Level 4.3 Fighting
 * Level 3.1 Axes
 + Level 3.7 Armour
 + Level 4.6 Shields


You had 3 spell levels left.
You didn't know any spells.
Your spell library contained the following spells:

 Spells                   Type           Power      Damage    Failure   Level
 Hailstorm                Conj/Ice       0%         3d3       99%         3
 Ignite Poison            Fire/Tmut/Pois 0%         N/A       99%         3
 Portal Projectile        Hex/Tloc       0%         N/A       99%         3
 Tukima's Dance           Hex            0%         N/A       99%         3
 Iskenderun's Mystic Bla  Conj/Tloc      0%         2d3       100%        4
 Sticky Flame             Conj/Fire      0%         2d3       100%        4
 Summon Ice Beast         Ice/Summ       0%         N/A       100%        4
 Simulacrum               Ice/Necr       0%         N/A       100%        6
 Ignition                 Fire           0%         3d3       100%        8


Dungeon Overview and Level Annotations

Branches:
Dungeon (3/15)

Altars:


Innate Abilities, Weirdness & Mutations

You cannot be hasted, slowed, berserked, paralysed or teleported.
You can dig through walls and to a lower floor.
You have a pair of large antennae on your head. (SInv)
Your four strong arms can wield two-handed weapons with a shield.


Message History

You sense a monster nearby.
A giant cockroach comes into view.
A giant cockroach is nearby!
A giant cockroach is nearby!
An orc priest comes into view. It is wielding a +0 short sword.
The orc priest shouts!
An orc comes into view. It is wielding a +0 flail.
The orc priest begins to cast a cantrip, but forgets the words!
You barely miss the giant cockroach.
The orc shouts!
The orc priest casts a cantrip, but nothing happens.
The giant cockroach barely misses you.
You closely miss the giant cockroach. The giant cockroach bites you.
An orc warrior comes into view. It is wielding a +0 halberd.
The giant cockroach bites you but does no damage.
You slash the giant cockroach!
You kill the giant cockroach!
An adder comes into view.
Found a book of Frost.
The adder hisses angrily.
You closely miss the orc. You block the orc's attack.
The orc priest casts a cantrip, but nothing happens.
The orc hits you with a +0 flail.
You miss the adder. You hit the orc. You block the adder's attack. x2
The orc hits you but does no damage.
The orc warrior hits you from afar with a +0 halberd!
A worm comes into view.
You slash the orc!
You kill the orc!
You hit the adder. The adder bites you.
The orc warrior hits you from afar with a +0 halberd!
* * * LOW HITPOINT WARNING * * *
The adder bites you but does no damage.
You are too injured to fight recklessly!
You are too injured to fight recklessly!
You are too injured to fight recklessly!
It was a potion of resistance.
You feel protected.
The orc warrior hits you from afar with a +0 halberd!
You die...

..# #..#.#
#.................# ..#
####.#
#..........######.# #.#
#<#### ###.#...#..# #.#
#.# ###..........# #.#
#.# ##..##..#.....#
#.###.###.###.#..#....#
........####.#.#......#
........# ##.....#..##
........# ###S@)...#
........# #....#....#
........# ###.#.oo#..#
........# #.# .#......
........# :.# ........
........# ### ......#.
### #.#..## ..w


You could see an orc warrior, a worm, an orc priest and an adder.

Vanquished Creatures
  An orc priest (D:3)
  An adder (D:2)
  A worm (D:2)
  2 dart slugs (D:2)
  4 orcs (D:3)
  4 endoplasms
  3 giant cockroaches
  6 goblins
  A hobgoblin (D:2)
  4 jackals (D:3)
  2 kobolds (D:2)
  A quokka (D:2)
  A ball python (D:1)
  2 bats
  5 frilled lizards (D:2)
  6 rats
44 creatures vanquished.

Notes
Turn   | Place    | Note
-------+----------+-------------------------------------------
     0 | D:1      | arthad the Formicid Fighter began the quest for the Orb.
     0 | D:1      | Reached XP level 1. HP: 18/18 MP: 1/1
   152 | D:1      | Found a faded altar of an unknown god.
   261 | D:1      | Reached XP level 2. HP: 24/24 MP: 2/2
   787 | D:2      | Reached XP level 3. HP: 30/30 MP: 3/3
  1024 | D:2      | Identified the amulet "Tilej" {RegenMP Will+}
  1347 | D:2      | Reached XP level 4. HP: 34/37 MP: 4/4
  1879 | D:3      | Noticed an orc warrior
  1885 | D:3      | Slain by an orc warrior

Illustrated notes

Levels and vault maps discovered:
D:1:      dpeg_arrival_houses_and_road, layout_loops_cross,
          ebering_ecumenical_altar_box, hangedman_decor_opposing,
          minmay_worlds_worst_comb
D:2:      layout_basic, kennysheep_generic_room_7
D:3:      layout_basic, zin_angel, serial_shops, nicolae_shop_statue_plus,
          nicolae_shop_statue_plus, shop, chequers_big_river, chequers_jeans,
          minmay_increasing_density

Skill      XL: |  1  2  3  4 |
---------------+-------------+-----
Fighting       | 4 |  4.3
Axes           | 3 |  3.1
Armour         | |  3.7
Shields        | |  4.6

Action                     |  1- 3 |  4- 6 || total
---------------------------+-------+-------++-------
  Melee: War axe           |    94 |    28 ||   122
    Use: Potion            |       |     1 ||     1
 Armour: Scale mail        |    58 |    19 ||    77
  Dodge: Dodged            |    35 |    11 ||    46
  Block: Buckler           |    21 |     6 ||    27

Table legend: (Time is in decaauts)
 A = Elapsed time spent in this place.
 B = Non-inter-level travel time spent in this place.
 C = Inter-level travel time spent in this place.
 D = Time resting spent in this place.
 E = Time spent auto-exploring this place.
 F = Levels seen in this place.
 G = Mean time per level.
                   A        B        C        D        E       F      G
               +--------+--------+--------+--------+--------+-----+--------+
         Total |   1932 |   1883 |     49 |      0 |   1529 |   3 |  644.0 |
       Dungeon |   1932 |   1883 |     49 |      0 |   1529 |   3 |  644.0 |
               +--------+--------+--------+--------+--------+-----+--------+

Top non-repeatable levels by time:
     D:2: 1014 daAuts
     D:1: 679 daAuts
     D:3: 238 daAuts
